 Dungeon Crawl Stone Soup version 0.26-a0-712-ga5a9c9c9d0 (webtiles) character file.

Game seed: 7163807335083485188

145 kae the Changer (level 5, -1/44 HPs)
             Began as a Naga Transmuter on Nov 2, 2020.
             Slain by a gnoll
             ... wielding a +0 spear
              (4 damage)
             ... on level 3 of the Dungeon.
             The game lasted 00:01:38 (3496 turns).

kae the Changer (Naga Transmuter)                   Turns: 3496, Time: 00:01:39

Health: -1/44      AC:  2    Str: 14    XL:     5   Next: 27%
Magic:  5/8        EV: 19    Int: 13    God:
Gold:   123        SH:  0    Dex: 16    Spells: 4/8 levels left

rFire    . . .     SeeInvis +     - Unarmed
rCold    . . .     Faith    .   (shield currently unavailable)
rNeg     . . .     Spirit   .   (armour currently unavailable)
rPois    x         Reflect  .   (helmet currently unavailable)
rElec    .         Harm     .   (cloak currently unavailable)
rCorr    .         Rampage  .   (gloves currently unavailable)
MR       .....                  (no barding)
Stlth    +.........             (no amulet)
HPRegen  0.14/turn              (no ring)
MPRegen  0.11/turn              (no ring)

@: spider-form (expiring)
A: tiny, see invisible, spit poison 1, AC +1
a: Spit Poison, End Transformation


You were on level 3 of the Dungeon.
You were a venomous arachnid creature.
You visited 1 branch of the dungeon, and saw 3 of its levels.

You collected 123 gold pieces.

Inventory:

Hand Weapons
 g - a +0 short sword of venom (melded)
Armour
 a - a +0 robe (melded)
 m - a +0 cloak (melded)
Jewellery
 f - an uncursed ring of ice {unknown}
 i - a +6 ring of dexterity {unknown}
Wands
 o - a wand of enslavement (11)
Scrolls
 b - a scroll of enchant armour {unknown}
 d - a scroll of teleportation {unknown}
 e - 3 scrolls of identify {unknown}
 h - a scroll of magic mapping {unknown}
 j - a scroll of fog {unknown}
 k - a scroll of remove curse {unknown}
Potions
 c - 2 potions of stabbing
 l - a potion of berserk rage {unknown}
 n - a potion of haste {unknown}


   Skills:
 - Level 1.0 Fighting
 - Level 1.5 Dodging
 + Level 4.0 Unarmed Combat
 - Level 2.0 Spellcasting
 * Level 4.2 Transmutations
 + Level 1.7 Poison Magic


You had 4 spell levels left.
You knew the following spells:

 Your Spells              Type           Power        Failure   Level
a - Beastly Appendage     Tmut           ##....       13%         1
b - Spider Form           Tmut/Pois      #.........   43%         3

Your spell library contained the following spells:

 Spells                   Type           Power        Failure   Level
 Wereblood                Tmut           ##......     19%         2
 Ice Form                 Ice/Tmut       #.......     87%         4
 Blade Hands              Tmut           ##........   90%         5


Dungeon Overview and Level Annotations

Branches:
Dungeon (3/15)

Altars:


Innate Abilities, Weirdness & Mutations

You cannot wear boots.
((Your serpentine skin is tough. (AC +1)))
You have supernaturally acute eyesight. (SInv)
((Armour fits poorly on your strangely shaped body.))
((Your system is resistant to poisons. (rPois)))
((You cover ground very slowly.))
You can spit poison.


Message History

The gnoll hits you with a +0 spear.
* * * LOW HITPOINT WARNING * * *
The gnoll misses you.
You hit the gnoll.
The gnoll is poisoned.
The gnoll is moderately wounded.
Your transformation is almost over.
You hit the gnoll.
The gnoll is heavily wounded.
The gnoll misses you. The gnoll closely misses you.
The gnoll completely misses you.
You hit the gnoll.
The gnoll looks as sick as possible!
The gnoll is almost dead.
The gnoll closely misses you. The gnoll barely misses you.
The gnoll hits you with a +0 spear!
* * * LOW HITPOINT WARNING * * *
You hit the gnoll.
The gnoll looks as sick as possible!
The gnoll is severely wounded.
You kill the gnoll!
The gnoll hits you from afar with a +0 spear.
You die...

. ... ######....
###############.)g......
.....#.....(..(.s.g.....
.......#####....####....
......## #...#### .
.....##....###
.....#..### .....#.#
.......# .........
####.##..


You could see 2 gnolls.

Vanquished Creatures
  Crazy Yiuf (D:2)
  Terence (D:2)
  2 gnolls (D:3)
  4 adders
  A worm (D:3)
  2 dart slugs
  A ball python (D:2)
  3 giant cockroaches
  2 goblins (D:2)
  2 hobgoblins
  4 jackals (D:3)
  2 bats (D:1)
  5 kobolds
  3 rats (D:1)
33 creatures vanquished.

Notes
Turn   | Place    | Note
-------+----------+-------------------------------------------
     0 | D:1      | kae the Naga Transmuter began the quest for the Orb.
     0 | D:1      | Reached XP level 1. HP: 18/18 MP: 3/3
   890 | D:1      | Reached XP level 2. HP: 24/25 MP: 5/5
  1885 | D:2      | Found a runed translucent door.
  1897 | D:2      | Noticed Crazy Yiuf
  1925 | D:2      | HP: 1/25 [adder (4)]
  1926 | D:2      | Reached XP level 3. HP: 1/31 MP: 4/6
  2241 | D:2      | Noticed Terence
  2254 | D:2      | Killed Terence
  2427 | D:2      | Reached XP level 4. HP: 37/38 MP: 5/7
  2435 | D:2      | Learned a level 3 spell: Spider Form
  2938 | D:2      | Killed Crazy Yiuf
  2938 | D:2      | Reached skill level 1 in Poison Magic
  3382 | D:3      | Reached XP level 5. HP: 40/44 MP: 3/8
  3496 | D:3      | Slain by a gnoll

Illustrated notes

Levels and vault maps discovered:
D:1:      kennysheep_arrival_seaside, layout_basic
D:2:      layout_loops_corners, uniq_crazy_yiuf_cottage, uniq_terence
D:3:      layout_rooms, marbit_many_paths, chequers_ecumenical_altar_simple

Skill      XL: |  1  2  3  4  5 |
---------------+----------------+-----
Transmutations | 3 4 |  4.2
Poison Magic   | 1 |  1.7
Unarmed Combat | 4 |  4.0
Fighting       | |  1.0
Dodging        | |  1.5
Spellcasting   | |  2.0

Action                   |  1- 3 |  4- 6 || total
-------------------------+-------+-------++-------
Melee: Unarmed           |     5 |    21 ||    26
       Short sword       |    33 |    34 ||    67
       Headbutt          |     4 |     3 ||     7
       Punch             |     1 |       ||     1
 Cast: Beastly Appendage |    10 |     7 ||    17
       Spider Form       |       |     5 ||     5
 Abil: Spit Poison       |     2 |     2 ||     4
  Use: Potion            |     1 |     2 ||     3
 Stab: Invisible         |       |     2 ||     2
Armor: Robe              |     4 |     9 ||    13
Dodge: Dodged            |    24 |    64 ||    88

Table legend: (Time is in decaauts)
 A = Elapsed time spent in this place.
 B = Non-inter-level travel time spent in this place.
 C = Inter-level travel time spent in this place.
 D = Time resting spent in this place.
 E = Time spent auto-exploring this place.
 F = Levels seen in this place.
 G = Mean time per level.
                   A        B        C        D        E       F      G
               +--------+--------+--------+--------+--------+-----+--------+
         Total |   4157 |   4016 |    141 |     38 |   3674 |   3 | 1385.7 |
       Dungeon |   4157 |   4016 |    141 |     38 |   3674 |   3 | 1385.7 |
               +--------+--------+--------+--------+--------+-----+--------+

Top non-repeatable levels by time:
     D:2: 2237 daAuts
     D:1: 1677 daAuts
     D:3: 242 daAuts
